 Dungeon Crawl Stone Soup version 0.27.0-1-g7a089689b8 (webtiles) character file.

Game seed: 9828617241964308155

140549 Strat the Brawler (level 16, -5/159 HPs)
             Began as a Troll Hunter on Aug 11, 2021.
             Was the Champion of Okawaru.
             Shot with an arrow by Nessos (8 damage)
             ... on level 14 of the Dungeon.
             The game lasted 01:07:18 (14926 turns).

Strat the Brawler (Troll Hunter)                   Turns: 14926, Time: 01:07:19

Health: -5/159     AC: 19    Str: 29    XL:     16   Next: 76%
Magic:  17/19      EV: 16    Int:  7    God:    Okawaru [******]
Gold:   1712       SH:  0    Dex: 10    Spells: 15/15 levels left

rFire    . . .     SeeInvis +     - Unarmed
rCold    . . .     Faith    .   (no shield)
rNeg     . . .     Spirit   .   N - +0 acid dragon scales
rPois    .         Reflect  .   s - +2 hat {SInv}
rElec    .         Harm     .   m - +0 cloak
rCorr    +         Rampage  .   (gloves unavailable)
Will     +....                  (boots unavailable)
Stlth    ++........             f - amulet of the acrobat
HPRegen  1.36/turn              O - +4 ring of evasion
MPRegen  0.16/turn              K - +4 ring of protection

@: lethally poisoned (-5 -> -31), heroic
A: large, unfitting armour, claws 3, regeneration 1, shaggy fur 1, tough skin 1
a: Renounce Religion, Heroism, Finesse


You were on level 14 of the Dungeon.
You worshipped Okawaru.
Okawaru was exalted by your worship.
You visited 5 branches of the dungeon, and saw 24 of its levels.
You also visited: Bailey.

You collected 2496 gold pieces.
You spent 784 gold pieces at shops.

Inventory:

Hand Weapons
 J - the +8 quarterstaff of Uxogoguv {vorpal, rF- rN+ MP+9 SInv}
   (You found it on level 10 of the Dungeon)

   It inflicts extra damage upon your enemies.
   rF:        It makes you vulnerable to fire.
   rN:        It protects you from negative energy.
   MP:        It affects your magic capacity (+9).
   SInv:      It lets you see invisible.
 U - a +1 dire flail
Missiles
 a - 426 stones
 c - 5 large rocks (quivered)
 d - 2 throwing nets
 p - 3 silver javelins
 q - 76 poisoned darts
 E - 24 boomerangs
 F - 9 javelins
 T - 18 atropa-tipped darts
Armour
 b - a +0 robe
 h - a +2 robe of cold resistance
 m - a +0 cloak (worn)
 s - a +2 hat of see invisible (worn)
 G - a scarf of resistance
 M - a +0 troll leather armour
 N - +0 acid dragon scales (worn)
 Q - a +2 robe of willpower
Jewellery
 f - an amulet of the acrobat (around neck)
 k - a +6 ring of strength
 u - an amulet of guardian spirit
 D - a ring of positive energy
 K - a +4 ring of protection (right claw)
 L - a ring of flight
 O - a +4 ring of evasion (left claw)
 P - a +4 ring of slaying
 V - a ring of poison resistance
Wands
 l - a wand of digging (12)
 v - a wand of polymorph (19)
 A - a wand of iceblast (48)
 I - a wand of mindburst (11)
Scrolls
 t - a scroll of holy word
 w - 2 scrolls of summoning
 x - 3 scrolls of enchant weapon
 y - 3 scrolls of amnesia
 B - 2 scrolls of fog
 H - 2 scrolls of immolation
Potions
 e - 5 potions of curing
 g - a potion of might
 i - 3 potions of brilliance
 j - 7 potions of flight
 n - 3 potions of haste
 o - a potion of lignification
 r - 2 potions of heal wounds
 z - 2 potions of mutation
 C - a potion of degeneration
 R - a potion of ambrosia
 S - 2 potions of attraction {unknown}


   Skills:
 + Level 10.5(15.5) Fighting
 + Level 10.5(15.5) Throwing
 - Level 10.0(15.0) Armour
 - Level 5.0(10.0) Dodging
 - Level 0.3(5.3) Stealth
 + Level 18.6(23.6) Unarmed Combat
 - Level 6.0 Invocations


You had 15 spell levels left.
You didn't know any spells.
Your spell library contained the following spells:

 Spells                   Type           Power      Damage    Failure   Level
 Corona                   Hex            0%         N/A       45%         1
 Freeze                   Ice            0%         1d3       45%         1
 Sandblast                Erth           0%         2d4       45%         1
 Ensorcelled Hibernation  Hex/Ice        0%         N/A       61%         2
 Passwall                 Tmut/Erth      0%         N/A       61%         2
 Slow                     Hex            0%         N/A       61%         2
 Call Canine Familiar     Summ           0%         N/A       83%         3
 Confusing Touch          Hex            0%         N/A       83%         3
 Frozen Ramparts          Ice            0%         1d2       83%         3
 Gell's Gravitas          Tloc           0%         N/A       83%         3
 Ignite Poison            Fire/Tmut/Pois 0%         N/A       83%         3
 Lesser Beckoning         Tloc           0%         N/A       83%         3
 Mephitic Cloud           Conj/Pois/Air  0%         N/A       83%         3
 Portal Projectile        Hex/Tloc       0%         N/A       83%         3
 Summon Guardian Golem    Hex/Summ       0%         N/A       83%         3
 Teleport Other           Tloc           0%         N/A       83%         3
 Tukima's Dance           Hex            0%         N/A       83%         3
 Vampiric Draining        Necr           0%         2d6       83%         3
 Animate Dead             Necr           0%         N/A       99%         4
 Hailstorm                Conj/Ice       0%         3d3       99%         4
 Leda's Liquefaction      Hex/Erth       0%         N/A       99%         4
 Summon Lightning Spire   Summ/Air       0%         N/A       99%         4
 Bolt of Magma            Conj/Fire/Erth 0%         4d4       100%        5
 Lee's Rapid Deconstruct  Erth           0%         3d5*      100%        5
 Haunt                    Necr/Summ      0%         N/A       100%        7
 Orb of Destruction       Conj           0%         N/A       100%        7
 Spellforged Servitor     Conj/Summ      0%         N/A       100%        7
 Storm Form               Tmut/Air       0%         N/A       100%        7
 Infestation              Necr           0%         N/A       100%        8
 Maxwell's Capacitive Co  Air            0%         ∞         100%        8


Dungeon Overview and Level Annotations

Branches:
Dungeon (14/15)            Temple (1/1) D:4            Lair (6/6) D:8
  Swamp (0/4) Lair:4       Spider (0/4) Lair:4        Slime (1/5) Lair:6
    Orc (2/2) D:10            Elf (0/3) Orc:2        Vaults (0/5) D:14
 Bailey (visited)

Altars:
Ashenzari
Cheibriados
Dithmenos
Elyvilon
Fedhas
Gozag
Hepliaklqana
Kikubaaqudgha
Makhleb
Nemelex Xobeh
Okawaru
Qazlal
Ru
Sif Muna
Trog
Uskayaw
Vehumet
Wu Jian
Xom
Yredelemnul
Zin
The Shining One
Beogh
Jiyva

Shops:
D:4 **   D:5 :   Orc:2 !*!!

Annotations:
D:5 2 transporters, HilariousDeathArtist's ghost, amateur PaMo
D:8 2 transporters
D:9 1 transporter
D:14 Nessos
Lair:1 Gastronok
Lair:2 Sonja
Lair:6 2 transporters, exclusion: obsidian statue, eliilek's ghost, journeyman MiBe


Innate Abilities, Weirdness & Mutations

You are too large for most types of armour.
You have claws for hands.
Your natural rate of healing is unusually fast.
You are covered in fur. (AC +1)
You have tough skin. (AC +1)


Message History

The arrow completely misses you.
You feel much better.
Nessos shoots an arrow.
The arrow hits you!
* * * LOW HITPOINT WARNING * * *
The arrow burns you.
You are poisoned.
* * * LOW HITPOINT WARNING * * *
Nessos shoots an arrow.
The arrow hits you.
* * * LOW HITPOINT WARNING * * *
The arrow burns you.
* * * LOW HITPOINT WARNING * * *
You feel better.
Nessos shoots an arrow.
The arrow hits you!
* * * LOW HITPOINT WARNING * * *
The arrow burns you.
You are poisoned.
* * * LOW HITPOINT WARNING * * *
Nessos shoots an arrow.
The arrow hits you.
* * * LOW HITPOINT WARNING * * *
The arrow burns you.
You are more poisoned.
* * * LOW HITPOINT WARNING * * *
Nessos shoots an arrow.
The arrow hits you!
* * * LOW HITPOINT WARNING * * *
The arrow burns you.
You are more poisoned.
* * * LOW HITPOINT WARNING * * *
Throw: 6 large rocks
Press: ? - help, Q - select action, (/) - cycle Shift-Dir - straight line, f/p - Nessos
Aim: Nessos, wielding a +1 longbow of flaming, wearing a +0 barding and quivering arrows (fast, 79% to hit)
You throw a large rock. The large rock hits Nessos!!
Nessos is heavily wounded.
* * * LOW HITPOINT WARNING * * *
You feel extremely sick.
Nessos shoots an arrow.
The arrow hits you.
* * * LOW HITPOINT WARNING * * *
The arrow burns you.
* * * LOW HITPOINT WARNING * * *
Nessos shoots an arrow.
The arrow hits you!!
* * * LOW HITPOINT WARNING * * *
The arrow burns you!
You die...

#.# ### #.# ###. ### ..# #.#
#... ..# #.# #.# ##.## #.#
#.# #.###...#####.# #.#
#........)..†.#
###(####..##...#####[#
#c(.(@.†.(###.## #.#
......#.#####†###.######.#
#.#### #.)....†.^..........
##.######.#####)###.######..
.........p# #)###.######(#
.........c# #.....†.†))..#
.../......# #####.########
......†...# #.# ...<∩.....#
#.###


You could see Nessos (fast).

Vanquished Creatures
  Rupert (D:14)
  Kirke (D:14)
  2 orc warlords
  3 dire elephants (Lair:6)
  A boulder beetle (D:12)
  Erolcha (D:9)
  An anaconda (Lair:6)
  5 ogre magi
  6 hydras
  3 centaur warriors
  A death knight (D:13)
  15 two-headed ogres
  Erica (Lair:2)
  2 tengu warriors
  10 death yaks
  2 spectral death yaks (Lair:6)
  A spectral anaconda (Lair:6)
  A wizard (D:12)
  8 orc knights
  A wolf spider (Lair:4)
  4 necromancers (Lair:6)
  3 deep elf pyromancers
  2 manticores
  2 ugly things
  An orc sorcerer (Orc:1)
  28 elephants
  5 black mambas
  Joseph (D:9)
  2 gargoyles
  15 cane toads
  2 torpor snails
  2 rime drakes
  7 komodo dragons
  A tengu conjurer (D:14)
  3 jumping spiders (Lair:4)
  4 trolls
  A hornet (D:9)
  2 polar bears
  A tyrant leech (Lair:4)
  8 dream sheep
  3 blink frogs (Lair:5)
  A spectral elephant (Lair:6)
  7 slime creatures
  47 yaks
  A wraith (D:13)
  A shadow (D:9)
  14 humans (D:14)
  A vampire (D:13)
  3 basilisks
  4 wyverns
  3 hogs (D:14)
  8 vampire mosquitoes
  A steam dragon (D:9)
  A death yak simulacrum (Lair:6)
  A spectral cane toad (Lair:6)
  8 wargs
  An acid dragon (D:11)
  22 water moccasins
  4 black bears
  34 orc warriors
  A sky beast (D:6)
  3 elephant zombies (Lair:6)
  A necrophage (D:7)
  11 wolves
  27 ogres
  11 centaurs
  A phantom (D:5)
  An elephant skeleton (Lair:6)
  2 kobold brigands
  12 bullfrogs
  A gnoll sergeant (D:6)
  4 scorpions
  3 cane toad simulacra (Lair:6)
  11 killer bees
  An elephant simulacrum (Lair:6)
  13 wights
  7 howler monkeys
  3 centaur zombies
  9 jellies
  3 hounds
  Crazy Yiuf (D:7)
  20 orc priests
  2 centaur skeletons
  Jessica (D:2)
  3 iguanas
  31 orc wizards
  10 gnolls
  9 adders
  A shadow imp (D:5)
  13 white imps
  An ufetubus (D:5)
  A worm (D:2)
  A dart slug (D:3)
  114 orcs
  6 ball pythons
  3 bats
  9 endoplasms
  3 giant cockroaches
  6 goblins
  4 hobgoblins
  5 jackals (D:2)
  11 kobolds
  2 frilled lizards (D:3)
  A rat (D:1)
708 creatures vanquished.

Vanquished Creatures (collateral kills)
  An adder (D:5)
1 creature vanquished.

Vanquished Creatures (others)
  An elephant (Lair:6)
  A rat (D:3)
  37 fungi
  49 plants
  28 withered plants (Lair:6)
116 creatures vanquished.

Grand Total: 825 creatures vanquished

Notes
Turn   | Place    | Note
-------+----------+-------------------------------------------
     0 | D:1      | Strat the Troll Hunter began the quest for the Orb.
     0 | D:1      | Reached XP level 1. HP: 19/19 MP: 0/0
    78 | D:1      | Reached skill level 1 in Unarmed Combat
   165 | D:2      | Reached skill level 2 in Unarmed Combat
   165 | D:2      | Reached XP level 2. HP: 27/27 MP: 1/1
   190 | D:2      | Noticed Jessica
   199 | D:2      | Killed Jessica
   200 | D:2      | Reached skill level 3 in Unarmed Combat
   200 | D:2      | Reached XP level 3. HP: 18/33 MP: 2/2
   454 | D:2      | Found a faded altar of an unknown god.
   567 | D:3      | Found a sacrificial altar of Ru.
   865 | D:3      | Reached XP level 4. HP: 41/41 MP: 3/3
   880 | D:3      | Reached skill level 4 in Unarmed Combat
   963 | D:3      | Reached XP level 5. HP: 45/45 MP: 4/4
  1050 | D:4      | Reached skill level 5 in Unarmed Combat
  1130 | D:4      | Found a staircase to the Ecumenical Temple.
  1148 | Temple   | Entered the Ecumenical Temple
  1233 | D:4      | Reached skill level 6 in Unarmed Combat
  1233 | D:4      | Reached XP level 6. HP: 55/55 MP: 5/5
  1339 | D:4      | Found Alotz's General Store.
  1401 | D:4      | Found Dubboimy's Serpentskin Sales.
  1445 | D:4      | Reached skill level 7 in Unarmed Combat
  1572 | D:5      | Entered Level 5 of the Dungeon
  1688 | D:5      | Reached XP level 7. HP: 65/65 MP: 6/6
  1753 | D:5      | Found Daggethri's Book Emporium.
  1822 | D:5      | Found a transporter.
  1824 | D:5      | Found a transporter.
  1832 | D:5      | Noticed HilariousDeathArtist's ghost (amateur PaMo)
  2049 | D:5      | Reached skill level 8 in Unarmed Combat
  2183 | D:6      | Reached XP level 8. HP: 78/78 MP: 7/7
  2205 | D:6      | Reached skill level 9 in Unarmed Combat
  2345 | D:6      | Reached skill level 10 in Unarmed Combat
  2508 | D:6      | Reached XP level 9. HP: 84/84 MP: 8/8
  2889 | D:7      | Reached skill level 11 in Unarmed Combat
  3260 | D:7      | Reached skill level 12 in Unarmed Combat
  3272 | D:7      | Found a runed translucent door.
  3273 | D:7      | Noticed Crazy Yiuf
  3277 | D:7      | Killed Crazy Yiuf
  3565 | D:8      | Found a staircase to the Lair.
  3590 | D:8      | Reached skill level 5 in Fighting
  3614 | D:8      | Reached XP level 10. HP: 79/96 MP: 9/9
  3669 | D:8      | Noticed a gargoyle
  3678 | D:8      | Killed a gargoyle
  3734 | D:8      | Noticed a manticore
  3739 | D:8      | Killed a manticore
  3740 | D:8      | Reached skill level 13 in Unarmed Combat
  3751 | D:8      | Found a flagged portal.
  3760 | Bailey   | Entered a bailey
  3809 | D:8      | Found a transporter.
  3809 | D:8      | Found a transporter.
  3809 | D:8      | Noticed a boulder beetle
  3889 | D:8      | Found a bloodstained altar of Trog.
  4035 | Lair:1   | Entered Level 1 of the Lair of Beasts
  4069 | Lair:1   | Noticed Gastronok
  4642 | Lair:2   | Noticed Sonja
  4642 | Lair:2   | Noticed an eight-headed hydra
  4676 | Lair:3   | Reached XP level 11. HP: 110/110 MP: 10/10
  4806 | Lair:3   | Found a shadowy altar of Dithmenos.
  4818 | Lair:3   | Reached skill level 14 in Unarmed Combat
  5005 | Lair:4   | Noticed a death yak
  5005 | Lair:4   | Noticed a death yak
  5006 | Lair:4   | Noticed a death yak
  5006 | Lair:4   | Noticed a death yak
  5044 | Lair:4   | Killed a death yak
  5050 | Lair:4   | Killed a death yak
  5051 | Lair:4   | Reached skill level 5 in Throwing
  5054 | Lair:4   | Killed a death yak
  5152 | Lair:4   | Noticed an eight-headed hydra
  5286 | Lair:5   | Reached skill level 15 in Unarmed Combat
  5398 | Lair:5   | Noticed a four-headed hydra
  5517 | Lair:5   | Noticed a four-headed hydra
  5539 | Lair:4   | Found the +10 dark maul {vorpal}
  5646 | Lair:4   | Found a frozen archway.
  5795 | Lair:6   | Entered Level 6 of the Lair of Beasts
  5839 | Lair:5   | Reached XP level 12. HP: 111/120 MP: 11/11
  5984 | Lair:6   | Noticed a death yak
  5989 | Lair:6   | Noticed a death yak
  5997 | Lair:6   | Noticed a death yak
  6003 | Lair:6   | Killed a death yak
  6007 | Lair:6   | Killed a death yak
  6012 | Lair:6   | Killed a death yak
  6084 | Lair:6   | Found a staircase to the Slime Pits.
  6173 | Slime:1  | Entered Level 1 of the Pits of Slime
  6173 | Slime:1  | Noticed an acid blob
  6337 | Lair:2   | Noticed an eight-headed hydra
  6589 | D:9      | Found a transporter.
  6605 | D:9      | Noticed Erolcha
  6631 | D:9      | Killed Erolcha
  6677 | D:9      | Found an iron altar of Okawaru.
  6714 | D:9      | Became a worshipper of Warmaster Okawaru
  6790 | D:9      | Paralysed by a hornet for 3 turns
  7077 | D:9      | Noticed Joseph
  7086 | D:9      | Killed Joseph
  7218 | D:10     | Entered Level 10 of the Dungeon
  7276 | D:10     | Reached * piety under Okawaru
  7298 | D:10     | Identified the +8 quarterstaff of Uxogoguv {vorpal, rF- rN+
                  | MP+9 SInv}
  7427 | D:10     | Reached skill level 5 in Dodging
  7529 | D:10     | Noticed a two-headed ogre
  7542 | D:10     | Killed a two-headed ogre
  7542 | D:10     | Reached ** piety under Okawaru
  7543 | D:10     | Reached XP level 13. HP: 99/131 MP: 12/12
  7615 | D:10     | Found a glowing silver altar of Zin.
  7912 | D:11     | Reached skill level 16 in Unarmed Combat
  7942 | D:11     | Found an iron altar of Okawaru.
  8627 | D:12     | Reached *** piety under Okawaru
  9375 | Lair:2   | Noticed Erica
  9379 | Lair:2   | Reached skill level 10 in Fighting
  9387 | Lair:2   | Killed Erica
  9492 | Lair:2   | Reached skill level 1 in Armour
  9614 | Lair:3   | Reached **** piety under Okawaru
 10000 | Lair:4   | Found a staircase to the Swamp.
 10156 | Lair:4   | Reached ***** piety under Okawaru
 10212 | Lair:4   | Found a hole to the Spider Nest.
 10251 | Lair:5   | Received a gift from Okawaru
 10350 | Lair:5   | Reached skill level 10 in Throwing
 10367 | Lair:5   | Received a gift from Okawaru
 10461 | Lair:6   | Reached XP level 14. HP: 143/143 MP: 13/13
 10478 | Lair:6   | Found a transporter.
 10495 | Lair:6   | Found a transporter.
 10509 | Lair:6   | Noticed eliilek's ghost (journeyman MiBe)
 10555 | Lair:6   | Reached skill level 1 in Invocations
 10683 | Lair:6   | Reached skill level 17 in Unarmed Combat
 10719 | Lair:6   | Identified the +5 battleaxe of Elobijia {flame, Str+3
                  | Stlth+} (Okawaru gifted it to you on level 6 of the Lair of
                  | Beasts)
 10719 | Lair:6   | Received a gift from Okawaru
 10793 | Lair:6   | Reached skill level 5 in Armour
 11225 | Lair:6   | Reached ****** piety under Okawaru
 11230 | Lair:6   | Received a gift from Okawaru
 11517 | Lair:6   | Received a gift from Okawaru
 12019 | D:10     | Reached skill level 5 in Invocations
 12082 | D:10     | Found a staircase to the Orcish Mines.
 12094 | Orc:1    | Entered Level 1 of the Orcish Mines
 12478 | Orc:1    | Noticed an orc warlord
 12492 | Orc:1    | Killed an orc warlord
 12775 | Orc:2    | Entered Level 2 of the Orcish Mines
 12777 | Orc:2    | Found a staircase to the Elven Halls.
 12912 | Orc:2    | Reached XP level 15. HP: 112/149 MP: 18/18
 13202 | Orc:2    | Paralysed by an ogre mage for 2 turns
 13217 | Orc:2    | Received a gift from Okawaru
 13218 | Orc:2    | Reached skill level 18 in Unarmed Combat
 13302 | Orc:2    | Received a gift from Okawaru
 13439 | Orc:2    | Found Kyvvuefa's Distillery.
 13440 | Orc:2    | Found Ini Buj's Distillery.
 13440 | Orc:2    | Found Dedoll's Assorted Antiques.
 13440 | Orc:2    | Found Timay's Distillery.
 13448 | Orc:2    | Bought a scroll labelled REPOES JOSTIAN for 34 gold pieces
 13454 | Orc:2    | Bought a potion of experience for 750 gold pieces
 13454 | Orc:2    | Reached XP level 16. HP: 158/158 MP: 19/19
 13917 | D:13     | Received a gift from Okawaru
 14014 | D:13     | Found a viscous altar of Jiyva.
 14250 | D:13     | Received a gift from Okawaru
 14604 | D:14     | Noticed Kirke
 14622 | D:14     | Killed Kirke
 14713 | D:14     | Reached skill level 10 in Armour
 14744 | D:14     | Found a gate to the Vaults.
 14745 | D:14     | Noticed Rupert
 14745 | D:14     | Noticed Nessos
 14775 | D:14     | Received a gift from Okawaru
 14792 | D:14     | Killed Rupert
 14866 | D:14     | Received a gift from Okawaru
 14926 | D:14     | HP: 3/159 [Nessos/arrow (28)]
 14926 | D:14     | Shot with an arrow by Nessos

Illustrated notes

Levels and vault maps discovered:
D:1:      psy_arrival_radial01, layout_basic
D:2:      layout_loops_ring, shapermc_ecumenical_altar_pompeii, uniq_jessica
D:3:      layout_basic, nicolae_ru_sacrificial_ziggurat,
          minmay_increasing_density
D:4:      layout_cave_pools, temple_fountains, serial_shops, shop,
          grunt_ministairs_7, guppyfry_shop_venom
D:5:      layout_loops_ring, gammafunk_ghost_hive, serial_shops, shop
D:6:      layout_rooms
D:7:      layout_basic, uniq_crazy_yiuf_cottage
D:8:      gammafunk_boulding_lane, layout_rooms, bloody_trog,
          minmay_lair_entry_grove, enter_bailey_3
D:9:      gammafunk_beogh_shrine, layout_gridville,
          mainiacjoe_overflow_cross_hatched, uniq_joseph, uniq_erolcha
D:10:     layout_loops_corners, zin_academy, david_orc_4, dk_noncrumbling_2
D:11:     layout_loops_ring, okawaru_metal_pillars_1_2
D:12:     layout_roguey
D:13:     layout_layer_cave, special_room [special_room_orc], jiyva_altar_1
D:14:     layout_loops_ring, david_vaults_3, fedhas_altar_2, uniq_snorg,
          uniq_kirke
Temple:   compressed_dpeg_circular_temple
Lair:1:   layout_layer_cave, special_room [special_room_bee],
          grunt_megastairs_5, infiniplex_staircase_pool_2, uniq_gastronok
Lair:2:   layout_roguey, uniq_sonja, uniq_erica
Lair:3:   layout_gridlike, chequers_serial_rivers_small_b, lemuel_centaur_altar
Lair:4:   layout_roguey, minmay_swamp_entry_worms, spider_nest_entry_funnel_web,
          portal_ice_cave_entry_imps, beast_lair_carwin_9, grunt_megastairs_3,
          serial_bayou_shore_b
Lair:5:   layout_misc_corridors
Lair:6:   due_jungle_book, layout_cellular_growth,
          nicolae_slime_entry_slimehenge, gammafunk_ghost_berserking_beasts,
          grunt_megastairs_1
Slime:1:  layout_caves
Orc:1:    nicolae_orc_accident_2, layout_caves
Orc:2:    st_orc_ogre_mass, layout_diamond_mine, minmay_orc_barracks

Skill      XL: |  1  2  3  4  5  6  7  8  9 10 11 12 13 14 15 16 |
---------------+-------------------------------------------------+-----
Unarmed Combat | 2 3 4 6 7 8 10 12 13 15 16 17 18 | 18.6
Fighting       | 2 3 4 5 7 8 9 10 | 10.5
Throwing       | 6 8 10 | 10.5
Dodging        | 2 5 |  5.0
Armour         | 3 6 9 10 | 10.0
Invocations    | 5 6 |  6.0
Stealth        | |  0.3

Action                   |  1- 3 |  4- 6 |  7- 9 | 10-12 | 13-15 | 16-18 || total
-------------------------+-------+-------+-------+-------+-------+-------++-------
Melee: Unarmed           |    62 |   142 |   167 |   475 |   945 |   246 ||  2037
       Punch             |       |     5 |     8 |    47 |    89 |    25 ||   174
Throw: Large rock        |       |       |    10 |    14 |    19 |    11 ||    54
       Javelin           |       |       |       |       |    18 |       ||    18
Invok: Heroism           |       |       |       |       |     4 |     4 ||     8
       Finesse           |       |       |       |       |       |     1 ||     1
Evoke: Wand              |       |       |       |     5 |     1 |       ||     6
  Use: Scroll            |       |     2 |     4 |    16 |    11 |       ||    33
       Potion            |       |       |       |     3 |     3 |     6 ||    12
 Stab: Sleeping          |       |     1 |     1 |       |       |       ||     2
Armor: Robe              |    29 |    58 |    35 |   164 |    19 |       ||   305
       Acid dragon scale |       |       |       |       |   283 |    78 ||   361
       Troll leather arm |       |       |       |       |    22 |       ||    22
Dodge: Dodged            |    47 |    80 |    84 |   333 |   714 |   141 ||  1399
